AoeStats
← Křovák

Arena

509890584Analyzed
1v1 RM · 4d ago on Sep 28, 2026· 44m 36s· 2 players
Game mode
Random Map
Map size
Tiny (2 player)
Population
200
Speed
Normal
Resources
Standard
Victory
Conquest
Starting age
Dark Age
Ending age
Imperial Age
RankedLock teamsTeams togetherTeam positionsShared explorationLock speedFull tech treeHidden civsTurbo modeCheats
Victory
Defeat
🇨🇿 Bohemians · Czechia
841
+15
🇪🇸 Magyars · Spain
818
-39
Ivanxo
4:46 Loom
11:44 Feudal Age
12:15 Double-Bit Axe
15:23 Wheelbarrow
15:23 Gold Mining
20:00 Castle Age
18:35 Scale Barding Armor
18:34 Stone Mining
25:07 Gold Shaft Mining
24:46 Bow Saw
25:44 Bloodlines
26:01 Husbandry
28:27 Chain Barding Armor
30:07 Horse Collar
34:49 Imperial Age
37:22 Cavalier
40:48 Paladin
Křovák
10:16 Loom
12:45 Feudal Age
13:54 Double-Bit Axe
16:42 Castle Age
14:52 Horse Collar
17:52 Bow Saw
17:45 Heavy Plow
22:31 Town Watch
24:21 Pikeman
25:02 Squires
26:22 Fletching
29:50 Imperial Age
28:10 Bodkin Arrow
28:38 Ballistics
29:34 Murder Holes
30:40 Chemistry
29:56 Forging
30:41 Bracer
30:42 Scale Mail Armor
31:18 Iron Casting
31:47 Arson
33:57 Halberdier
37:07 Wheelbarrow
36:51 Chain Mail Armor
46:07 Two-Man Saw
Connection lost

Rejoining the realm…

Still unreachable

The connection could not be restored.

Session expired

The server has moved on; the page needs a fresh start.